 Dungeon Crawl Stone Soup version 0.30.0-12-gd5a94ecb5d (webtiles) character file.

Game seed: 17620897432757816093

50 MacCMillion the Chopper (level 3, -2/31 HPs)
             Began as a Minotaur Fighter on May 17, 2023.
             Slain by Sigmund
             ... wielding a +0 scythe
              (4 damage)
             ... on level 2 of the Dungeon.
             The game lasted 00:02:06 (1242 turns).

MacCMillion the Chopper (Minotaur Fighter)          Turns: 1242, Time: 00:02:07

Health: -2/31      AC:  8    Str: 22    XL:     3   Next: 55%
Magic:  2/2        EV:  9    Int:  5    God:
Gold:   34         SH:  4    Dex:  9    Spells: 2/2 levels left

rFire   . . .        a - +0 war axe
rCold   . . .        c - +0 buckler
rNeg    . . .        b - +0 scale mail
rPois   .            (helmet restricted)
rElec   .            (no cloak)
rCorr   .            (no gloves)
SInv    .            k - +0 pair of boots
Will    .....        (no amulet) Stlth
                     (no ring)
HPRegen 0.25/turn    (no ring)
MPRegen 0.08/turn

%: no passive effects
@: no status effects
A: horns 2, retaliatory headbutt
a: no special abilities


You were on level 2 of the Dungeon.
You visited 1 branch of the dungeon, and saw 2 of its levels.

You collected 34 gold pieces.

Inventory:

Hand Weapons
 a - a +0 war axe (weapon)
Armour
 b - a +0 scale mail (worn)
 c - a +0 buckler (worn)
 k - a +0 pair of boots (worn)
Jewellery
 n - an amulet of the acrobat
Scrolls
 e - a scroll of enchant weapon {unknown}
 f - a scroll of fog {unknown}
 g - a scroll of immolation {unknown}
 h - a scroll of vulnerability {unknown}
 i - 3 scrolls of identify {unknown}
 j - a scroll of poison {unknown}
 l - a scroll of fear {unknown}
 m - a scroll of brand weapon {unknown}
Potions
 d - a potion of might


   Skills:
 - Level 3.6 Fighting
 + Level 4.5 Axes
 - Level 3.7 Armour
 - Level 4.0 Shields


You had 2 spell levels left.
You didn't know any spells.
Your spell library was empty.

Dungeon Overview and Level Annotations

Branches:
Dungeon (2/15)

Altars:

Shops:
D:1 :

Annotations:
D:2 3 exclusions, Sigmund


Innate Abilities, Weirdness & Mutations

You have a pair of horns on your head.
You reflexively headbutt those who attack you in melee.


Message History

You furiously retaliate!
You headbutt the adder!
You kill the adder!
No target in view!
No target in view!
You start resting.
HP restored.
Something hits you but does no damage.
You start waiting.
You hear some strange, mumbled words.
Something tries to affect you, but you resist.
Something hits you but does no damage.
You see here an adder corpse.
You miss something. Your headbutt misses something.
You hear some strange, mumbled words.
Something tries to affect you, but you resist.
You hit something. Your headbutt misses something.
You block something's attack.
You miss something. Your headbutt misses something.
Something hits you but does no damage.
You miss something. Your headbutt misses something.
Something hits you but does no damage.
You closely miss something. Your headbutt misses something.
You closely miss something. You headbutt something. Something hits you.
You barely miss something. Something hits you!
You closely miss something. Your headbutt misses something. Something hits you!
You completely miss something. Something hits you!
* * * LOW HITPOINT WARNING * * *
You miss something. Something hits you but does no damage.
You miss something. Your headbutt misses something.
You hear some strange, mumbled words.
A puff of flame appears from out of thin air!
The puff of flame hits you.
* * * LOW HITPOINT WARNING * * *
You slash something!
Sigmund appears from thin air!
Reactivating autopickup.
Sigmund casts a spell.
Sigmund flickers and vanishes!
Deactivating autopickup; reactivate with Ctrl-A.
You closely miss something. Something hits you.
* * * LOW HITPOINT WARNING * * *
You slash something! Your headbutt misses something. Something hits you.
You die...

###.##.#.##.#.......#
#..... # #.##.#.
#.#.......# #.... {# ..#.
#.#.......# #.#.# ... ..
#. #.#..##...###.#.# ....
.... #.##.##.........#
..... #...
..##.##.##..####.#.#......
.(. ............##
#.......... . ..
........###..###.###..##..
.. . .........@{......# .#
#.. ..##.####.#...#..# ..
.. . #. #.#...#..# #. #
#.#...#..# # #.#...#..#
#.#....... ..#...#..##
###...#..# #..#


There were no monsters in sight!

Vanquished Creatures
  2 adders (D:2)
  5 endoplasms
  2 giant cockroaches
  A goblin (D:1)
  2 hobgoblins
  3 jackals (D:1)
  2 kobolds (D:1)
  A quokka (D:1)
  6 ball pythons
  A bat (D:1)
  3 frilled lizards (D:1)
  3 rats
31 creatures vanquished.

Notes
Turn   | Place    | Note
-------+----------+-------------------------------------------
     0 | D:1      | MacCMillion the Minotaur Fighter began the quest for the
                  | Orb.
     0 | D:1      | Reached XP level 1. HP: 19/19 MP: 0/0
   162 | D:1      | Reached XP level 2. HP: 26/26 MP: 1/1
   294 | D:1      | Found Qipnaodi's Book Shoppe.
   867 | D:2      | Noticed Sigmund
   957 | D:2      | Reached XP level 3. HP: 24/31 MP: 2/2
  1241 | D:2      | HP: 1/31 [something (6)]
  1242 | D:2      | Slain by Sigmund

Illustrated notes

Levels and vault maps discovered:
D:1:      ncdulo_lavacross, layout_basic, serial_shops, shop
D:2:      layout_basic, uniq_sigmund

Skill      XL: |  1  2 |
---------------+-------+-----
Shields        | 4 |  4.0
Axes           | 4 |  4.5
Fighting       | |  3.6
Armour         | |  3.7

Action                     || total
---------------------------++-------
  Melee: War axe           ||    87
         Headbutt          ||    10
 Armour: Scale mail        ||    49
  Dodge: Dodged            ||    37
  Block: Buckler           ||    24
